 Dungeon Crawl Stone Soup version 0.19-a0-1468-ge013c26 (webtiles) character file.

65 Legolas the Slasher (level 3, -1/26 HPs)
             Began as a High Elf Fighter on Sept 7, 2016.
             Was a Follower of Dithmenos.
             Slain by a worm (7 damage)
             ... on level 2 of the Dungeon.
             The game lasted 00:01:49 (1829 turns).

Legolas the Slasher (High Elf Fighter)              Turns: 1829, Time: 00:01:49

Health: -1/26      AC:  8    Str: 16    XL:     3   Next: 94%
Magic:  4/4        EV:  7    Int: 11    God:    Dithmenos [*.....]
Gold:   88         SH:  9    Dex: 15    Spells: 0 memorised, 2 levels left

rFire  . . .     SeeInvis .     a - +0 long sword
rCold  . . .     Gourm    .     b - +0 scale mail
rNeg   . . .     Faith    .     c - +0 shield
rPois  .         Spirit   .     (no helmet)
rElec  .         Dismiss  .     (no cloak)
rCorr  .         Reflect  .     o - +0 pair of gloves
MR     .....     Harm     .     (no boots)
Stlth  ..........               (no amulet)
                                (no ring)
                                (no ring)

@: wreathed by umbra
A: no striking features
a: Renounce Religion


You were on level 2 of the Dungeon.
You worshipped Dithmenos.
Dithmenos was aware of your devotion.
You were not hungry.

You visited 1 branch of the dungeon, and saw 2 of its levels.

You collected 88 gold pieces.

Inventory:

Hand Weapons
 a - a +0 long sword (weapon)
Armour
 b - a +0 scale mail (worn)
 c - a +0 shield (worn)
 m - a cursed +0 robe
 n - a +0 plate armour
 o - a +0 pair of gloves (worn)
Jewellery
 i - a +5 ring of dexterity {unknown}
Scrolls
 e - a scroll of teleportation {unknown}
 g - a scroll of magic mapping {unknown}
 h - 2 scrolls of identify {unknown}
 k - 2 scrolls of fear {unknown}
 l - a scroll of random uselessness {unknown}
 p - 2 scrolls of remove curse {unknown}
 q - a scroll of fog {unknown}
Potions
 d - a potion of might
 r - 2 potions of haste {unknown}
Comestibles
 f - 2 bread rations
 j - a beef jerky


   Skills:
 + Level 3.5 Fighting
 * Level 3.6 Long Blades
 + Level 3.3 Armour
 + Level 0.7 Dodging
 - Level 2.6 Shields


You had 2 spell levels left.
You didn't know any spells.

Dungeon Overview and Level Annotations

Branches:
Dungeon (2/15)

Altars:
Ashenzari
Dithmenos
Zin
The Shining One


Message History

You are too injured to fight recklessly!
You are too injured to fight recklessly!
You are too injured to fight recklessly!
You are too injured to fight recklessly!
You are too injured to fight recklessly!
You are too injured to fight recklessly!
You are too injured to fight recklessly!
You are too injured to fight recklessly!
You are too injured to fight recklessly!
You are too injured to fight recklessly!
You are too injured to fight recklessly!
You are too injured to fight recklessly!
You are too injured to fight recklessly!
You are too injured to fight recklessly!
You are too injured to fight recklessly!
You are too injured to fight recklessly!
You barely miss the worm.
The worm is almost dead.
The worm bites you!
You die...

### #######... ..# ####......)#
#.# ..#...#### #.## #######
....#.#.. #w.#########......
..#...#.## # #@.....<.........#
.###.##.##.#####..#########.#####
.#................##.............
)#.#<##.#####.###.##.######.#####
.#.#.##.# #.# #.##.# #.# #
...#.##.# #.###.##.######.# #
.#.#....# #............)..# #
##.##...########.###.######## .
#..#................# #


You could see a worm.

Vanquished Creatures
  An adder (D:2)
  2 worms (D:2)
  2 dart slugs (D:1)
  A giant gecko (D:1)
  4 giant cockroaches
  5 goblins
  5 hobgoblins
  3 ball pythons
  4 bats
  2 giant newts
  10 kobolds
  6 rats
45 creatures vanquished.

Notes
Turn   | Place    | Note
-------+----------+-------------------------------------------
     0 | D:1      | Legolas the High Elf Fighter began the quest for the Orb.
     0 | D:1      | Reached XP level 1. HP: 16/16 MP: 2/2
   163 | D:1      | Reached XP level 2. HP: 21/21 MP: 3/3
   693 | D:1      | Reached XP level 3. HP: 21/26 MP: 4/4
  1059 | D:2      | HP: 1/26 [worm (9)]
  1490 | D:2      | Found a glowing golden altar of the Shining One.
  1544 | D:2      | Found a shattered altar of Ashenzari.
  1618 | D:2      | Found a faded altar of an unknown god.
  1645 | D:2      | Became a worshipper of Dithmenos the Shadowed
  1645 | D:2      | Reached * piety under Dithmenos
  1774 | D:2      | Found a glowing silver altar of Zin.
  1829 | D:2      | Slain by a worm

Vault maps used:
D:1:      lightli_arrival_isolated_outpost
D:2:      nicolae_overflow_hidden_temple, nicolae_overflow_crystal_walls,
          overflow_temple_1_default, ecumenical_altar_2

Skill      XL: |  1  2 |
---------------+-------+-----
Armour         | 3 |  3.3
Long Blades    | 3 |  3.6
Fighting       | |  3.5
Dodging        | |  0.7
Shields        | |  2.6

Action                   || total
-------------------------++-------
Melee: Long sword        ||   183
  Use: Potion            ||     1
  Eat: Meat ration       ||     1
Armor: Scale mail        ||    75
       Skin              ||     1
Dodge: Dodged            ||    49
Block: Shield            ||    68
